cohdb
Replays
Latest Replays
All Replays
Popular Replays
Top Player Replays
Match Explorer
How It Works
Community
CoH3 Stats
Reddit
Sign in to upload your games and track your stats! →
Sign in with Steam
Match 45468869
Unlisted
Match 45468869
Overview
Messages
Build Orders
End
Kradschützen Motorcycle Team
Panzerpioneer Squad
Panzergrenadier Squad
250 Light Carrier
Construct Light Support Kompanie
Fire Support Elements
le.IG 18 Support Gun Team
le.IG 18 Mechanized Group
Veteran Squad Leaders
Pak 38 Anti-tank Gun Team
Pak 38 Anti-tank Gun Team
2.5-tonne Medical Truck
Construct Panzerarmee Kommand
Panzerjäger Mechanized Group
Kwarzym
Depthz
nateums
Diter Rams
Exf
Gravey
BieTaMaShuoYingYu
LUL
0
0
Comments
sign in to comment!
No comments posted yet!